TOP OF THE 1ST |
Red Deer Wranglers batting - Pitching for Moose Jaw Ghostbusters : RHP Pancho Hernández
|
Pitching: RHP Pancho Hernández
|
|
Batting: RHB Art Cameron
|
0-0: Called Strike 0-1: Ball 1-1: Foul Ball, location: 2F 1-2: Foul Ball, location: 2F 1-2: Strikes out swinging
|
Batting: LHB Jorge Olvera
|
0-0: Ball 1-0: Foul Ball, location: 2F 1-1: Foul Ball, location: 2F 1-2: Ball 2-2: Ball 3-2: Base on Balls
|
Batting: RHB Luis Ibarra
|
0-0: Fly out, F3 (Popup, 34)
|
Batting: LHB Fred Abrams
|
0-0: Called Strike 0-1: 2-RUN HOME RUN (Flyball, 9D), Distance : 365 ft
|
Batting: LHB Russell Peck
|
0-0: Fly out, F9 (Flyball, 9S)
|
Top of the 1st over - 2 run(s), 1 hit(s), 0 error(s), 0 left on base; Red Deer 2 - Moose Jaw 0 |
BOTTOM OF THE 1ST |
Moose Jaw Ghostbusters batting - Pitching for Red Deer Wranglers : RHP Alonso Costello
|
Pitching: RHP Alonso Costello
|
|
Batting: RHB Manuel Pérez
|
0-0: Swinging Strike 0-1: Ground out 1-3 (Groundball, 15S)
|
Batting: RHB Billy Mullins
|
0-0: Called Strike 0-1: Ball 1-1: Swinging Strike 1-2: Strikes out swinging
|
Batting: RHB John Major
|
0-0: Called Strike 0-1: Ball 1-1: Ball 2-1: Ball 3-1: Fly out, F4 (Line Drive, 4)
|
Bottom of the 1st over - 0 run(s), 0 hit(s), 0 error(s), 0 left on base; Red Deer 2 - Moose Jaw 0 |
TOP OF THE 2ND |
Red Deer Wranglers batting - Pitching for Moose Jaw Ghostbusters : RHP Pancho Hernández
|
Batting: LHB Andrew Veeck
|
0-0: Ball 1-0: Ground out 1-3 (Groundball, 13)
|
Batting: RHB Steve Burton
|
0-0: Ball 1-0: Called Strike 1-1: Ground out 3-1 (Groundball, 34)
|
Batting: RHB Ricardo González
|
0-0: Ground out 4-3 (Groundball, 4)
|
Top of the 2nd over - 0 run(s), 0 hit(s), 0 error(s), 0 left on base; Red Deer 2 - Moose Jaw 0 |
BOTTOM OF THE 2ND |
Moose Jaw Ghostbusters batting - Pitching for Red Deer Wranglers : RHP Alonso Costello
|
Batting: RHB Don Hooper
|
0-0: Ball 1-0: Foul Ball, location: 2F 1-1: Called Strike 1-2: Ball 2-2: Foul Ball, location: 2F 2-2: Strikes out swinging
|
Batting: LHB Will Vale
|
0-0: Called Strike 0-1: Called Strike 0-2: Fly out, F7 (Line Drive, 7)
|
Batting: RHB Juan Vázquez
|
0-0: DOUBLE (Flyball, 7LM)
|
Batting: LHB Dave Stewart
|
0-0: Ball 1-0: Fly out, F8 (Line Drive, 89M)
|
Bottom of the 2nd over - 0 run(s), 1 hit(s), 0 error(s), 1 left on base; Red Deer 2 - Moose Jaw 0 |
TOP OF THE 3RD |
Red Deer Wranglers batting - Pitching for Moose Jaw Ghostbusters : RHP Pancho Hernández
|
Batting: RHB Ben Fisher
|
0-0: SINGLE (Groundball, 56D)
|
Batting: RHB Art Cameron
|
0-0: Ball 1-0: Called Strike 1-1: Called Strike 1-2: Ball 2-2: Ball 3-2: Base on Balls Ben Fisher to second
|
Batting: LHB Jorge Olvera
|
0-0: Called Strike 0-1: Foul Ball, location: 2F 0-2: Ball 1-2: Foul Ball, location: 2F 1-2: Fly out, F7 (Flyball, 7)
|
Batting: RHB Luis Ibarra
|
0-0: Fielders Choice at 2nd, 3-6 (Groundball, 34) Ben Fisher to third
|
Batting: LHB Fred Abrams
|
0-0: Ball 1-0: Called Strike 1-1: Swinging Strike 1-2: Ball 2-2: Foul Ball, location: 2F 2-2: SINGLE (Line Drive, 8LS) Ben Fisher scores Luis Ibarra to second
|
Batting: LHB Russell Peck
|
0-0: SINGLE (Line Drive, 4D) Luis Ibarra to third Fred Abrams to second Runner from 3rd tries for Home, SAFE, no throw
|
Batting: LHB Andrew Veeck
|
0-0: Called Strike 0-1: Foul Ball, location: 2F 0-2: SINGLE (Groundball, 56D) Fred Abrams to third Russell Peck to second Runner from 3rd tries for Home, SAFE, no throw
|
Batting: RHB Steve Burton
|
0-0: Ball 1-0: Foul Ball, location: 2F 1-1: Ball 2-1: Ball 3-1: Base on Balls Russell Peck to third Andrew Veeck to second
|
Batting: RHB Ricardo González
|
0-0: Ball 1-0: DOUBLE (Line Drive, 78M) Russell Peck scores Andrew Veeck scores Steve Burton to third
|
Batting: RHB Ben Fisher
|
0-0: Ball 1-0: Ball 2-0: Ball 3-0: Base on Balls
|
Batting: RHB Art Cameron
|
0-0: Called Strike 0-1: Fly out, F6 (Popup, 6D)
|
Top of the 3rd over - 5 run(s), 5 hit(s), 0 error(s), 3 left on base; Red Deer 7 - Moose Jaw 0 |
BOTTOM OF THE 3RD |
Moose Jaw Ghostbusters batting - Pitching for Red Deer Wranglers : RHP Alonso Costello
|
Batting: SHB Martín Cruz
|
0-0: Ball 1-0: Foul Ball, location: 2F 1-1: Ball 2-1: Ball 3-1: Base on Balls
|
Batting: RHB Andrew Weatherly
|
0-0: Ball 1-0: Fly out, F7 (Flyball, 7LS)
|
Batting: RHB Manuel Pérez
|
0-0: Ball 1-0: Ball 2-0: Called Strike 2-1: Ball 3-1: Base on Balls Martín Cruz to second
|
Batting: RHB Billy Mullins
|
0-0: Foul Ball, location: 2F 0-1: Ball 1-1: Grounds into double play, 5-4-3 (Groundball, 5)
|
Bottom of the 3rd over - 0 run(s), 0 hit(s), 0 error(s), 1 left on base; Red Deer 7 - Moose Jaw 0 |
TOP OF THE 4TH |
Red Deer Wranglers batting - Pitching for Moose Jaw Ghostbusters : RHP Pancho Hernández
|
Batting: LHB Jorge Olvera
|
0-0: Called Strike 0-1: Ball 1-1: Ball 2-1: Swinging Strike 2-2: Ball 3-2: Base on Balls
|
Batting: RHB Luis Ibarra
|
0-0: Ball 1-0: Swinging Strike 1-1: Foul Ball, location: 2F 1-2: Foul Ball, location: 2F 1-2: Ball 2-2: Foul Ball, location: 2F 2-2: Strikes out swinging
|
Batting: LHB Fred Abrams
|
0-0: Ball 1-0: Called Strike 1-1: Foul Ball, location: 2F 1-2: Ball 2-2: Foul Ball, location: 2F 2-2: Foul Ball, location: 2F 2-2: Grounds into double play, 4-6-3 (Groundball, 4)
|
Top of the 4th over - 0 run(s), 0 hit(s), 0 error(s), 0 left on base; Red Deer 7 - Moose Jaw 0 |
BOTTOM OF THE 4TH |
Moose Jaw Ghostbusters batting - Pitching for Red Deer Wranglers : RHP Alonso Costello
|
Batting: RHB John Major
|
0-0: Ball 1-0: SOLO HOME RUN (Flyball, 78XD), Distance : 413 ft
|
Batting: RHB Don Hooper
|
0-0: Ball 1-0: Ball 2-0: Ground out 5-3 (Groundball, 56)
|
Batting: LHB Will Vale
|
0-0: Called Strike 0-1: Ball 1-1: Foul Ball, location: 2F 1-2: Ball 2-2: Foul Ball, location: 2F 2-2: Ground out 3-1 (Groundball, 34)
|
Batting: RHB Juan Vázquez
|
0-0: Ground out 6-3 (Groundball, 6)
|
Bottom of the 4th over - 1 run(s), 1 hit(s), 0 error(s), 0 left on base; Red Deer 7 - Moose Jaw 1 |
TOP OF THE 5TH |
Red Deer Wranglers batting - Pitching for Moose Jaw Ghostbusters : RHP Pancho Hernández
|
Pitching: RHP Whit Johnson
|
|
Batting: LHB Russell Peck
|
0-0: Ground out 6-3 (Groundball, 6M)
|
Batting: LHB Andrew Veeck
|
0-0: Ball 1-0: Foul Ball, location: 2F 1-1: Ball 2-1: SINGLE (Flyball, 78S)
|
Batting: RHB Steve Burton
|
0-0: Swinging Strike 0-1: Foul Ball, location: 2F 0-2: Ball 1-2: Foul Ball, location: 2F 1-2: Strikes out swinging
|
Batting: RHB Ricardo González
|
0-0: Called Strike Andrew Veeck steals 2nd base 0-1: Ball 1-1: Ball 2-1: Foul Ball, location: 2F 2-2: Strikes out swinging
|
Top of the 5th over - 0 run(s), 1 hit(s), 0 error(s), 1 left on base; Red Deer 7 - Moose Jaw 1 |
BOTTOM OF THE 5TH |
Moose Jaw Ghostbusters batting - Pitching for Red Deer Wranglers : RHP Alonso Costello
|
Batting: LHB Dave Stewart
|
0-0: Called Strike 0-1: Fly out, F9 (Flyball, 89M)
|
Batting: SHB Martín Cruz
|
0-0: Foul Ball, location: 2F 0-1: Swinging Strike 0-2: Ball 1-2: Ground out 4-3 (Groundball, 4)
|
Batting: RHB Andrew Weatherly
|
0-0: Ball 1-0: Ball 2-0: Ball 3-0: Foul Ball, location: 2F 3-1: Base on Balls
|
Batting: RHB Manuel Pérez
|
0-0: Ball 1-0: Ball 2-0: Swinging Strike 2-1: Called Strike 2-2: Foul Ball, location: 2F 2-2: Ball 3-2: Strikes out looking
|
Bottom of the 5th over - 0 run(s), 0 hit(s), 0 error(s), 1 left on base; Red Deer 7 - Moose Jaw 1 |
TOP OF THE 6TH |
Red Deer Wranglers batting - Pitching for Moose Jaw Ghostbusters : RHP Whit Johnson
|
Batting: RHB Ben Fisher
|
0-0: Ball 1-0: Ball 2-0: Swinging Strike 2-1: Foul Ball, location: 2F 2-2: Fly out, F9 (Flyball, 9LS)
|
Batting: RHB Art Cameron
|
0-0: Ball 1-0: SINGLE (Groundball, 34D)
|
Batting: LHB Jorge Olvera
|
0-0: Swinging Strike 0-1: Fly out, F8 (Flyball, 78D)
|
Batting: RHB Luis Ibarra
|
0-0: Ball Art Cameron steals 2nd base 1-0: Foul Ball, location: 2F 1-1: SINGLE (Groundball, 56D) Art Cameron to third Runner from 3rd tries for Home, SAFE, no throw
|
Batting: LHB Fred Abrams
|
0-0: Ball Luis Ibarra steals 2nd base 1-0: Ground out U3 (Groundball, 3L)
|
Top of the 6th over - 1 run(s), 2 hit(s), 0 error(s), 1 left on base; Red Deer 8 - Moose Jaw 1 |
BOTTOM OF THE 6TH |
Moose Jaw Ghostbusters batting - Pitching for Red Deer Wranglers : RHP Alonso Costello
|
Batting: RHB Billy Mullins
|
0-0: Ball 1-0: Ball 2-0: Foul Ball, location: 2F 2-1: Ball 3-1: Swinging Strike 3-2: SINGLE (Line Drive, 89S)
|
Batting: RHB John Major
|
0-0: Swinging Strike 0-1: SINGLE (Flyball, 8RS) Billy Mullins to second
|
Batting: RHB Don Hooper
|
0-0: Ball 1-0: Called Strike 1-1: Fielders Choice at 2nd, 1-4 (Groundball, 15S) Billy Mullins to third
|
Batting: LHB Will Vale
|
Pickoff Throw to First - Error! E1 Billy Mullins scores Don Hooper to second 0-0: DOUBLE (Line Drive, 7) Don Hooper scores
|
Batting: RHB Juan Vázquez
|
0-0: SINGLE (Groundball, 6D) Will Vale to third Runner from 3rd tries for Home, throw and OUT! Juan Vázquez to second
|
Batting: LHB Dave Stewart
|
0-0: Ball 1-0: Swinging Strike 1-1: Ball 2-1: Ball 3-1: Foul Ball, location: 2F 3-2: Foul Ball, location: 2F 3-2: Foul Ball, location: 2F 3-2: Ground out 4-3 (Groundball, 4)
|
Bottom of the 6th over - 2 run(s), 4 hit(s), 1 error(s), 1 left on base; Red Deer 8 - Moose Jaw 3 |
TOP OF THE 7TH |
Red Deer Wranglers batting - Pitching for Moose Jaw Ghostbusters : RHP Whit Johnson
|
Batting: LHB Russell Peck
|
0-0: Called Strike 0-1: SINGLE (Groundball, 56D)
|
Pitching: RHP Bill Jones
|
|
Batting: LHB Andrew Veeck
|
0-0: Ball 1-0: Ball 2-0: Foul Ball, location: 2F 2-1: Fielders Choice at 2nd, 6-4 (Groundball, 6)
|
Batting: RHB Steve Burton
|
0-0: Called Strike 0-1: Ball 1-1: Ball Andrew Veeck steals 2nd base 2-1: Foul Ball, location: 2F 2-2: Strikes out swinging, 2-3 out at first.
|
Batting: RHB Ricardo González
|
0-0: Ball 1-0: Ball 2-0: Foul Ball, location: 2F 2-1: Ball Wild Pitch! Andrew Veeck to third 3-1: Swinging Strike 3-2: Strikes out swinging
|
Top of the 7th over - 0 run(s), 1 hit(s), 0 error(s), 1 left on base; Red Deer 8 - Moose Jaw 3 |
BOTTOM OF THE 7TH |
Moose Jaw Ghostbusters batting - Pitching for Red Deer Wranglers : RHP Alonso Costello
|
Batting: SHB Martín Cruz
|
0-0: Ball 1-0: Ball 2-0: Foul Ball, location: 2F 2-1: Foul Ball, location: 2F 2-2: Fly out, F7 (Flyball, 7S)
|
Batting: RHB Andrew Weatherly
|
0-0: Called Strike 0-1: SINGLE (Flyball, 89S)
|
Pitching: RHP Simón Amejorado
|
|
Batting: RHB Manuel Pérez
|
0-0: Ball 1-0: Foul Ball, location: 2F 1-1: Ball 2-1: Ball 3-1: Swinging Strike 3-2: Strikes out swinging
|
Batting: RHB Billy Mullins
|
0-0: Called Strike 0-1: Ball 1-1: Called Strike 1-2: Fly out, F9 (Flyball, 9LS)
|
Bottom of the 7th over - 0 run(s), 1 hit(s), 0 error(s), 1 left on base; Red Deer 8 - Moose Jaw 3 |
TOP OF THE 8TH |
Red Deer Wranglers batting - Pitching for Moose Jaw Ghostbusters : RHP Bill Jones
|
Batting: RHB Ben Fisher
|
0-0: Called Strike 0-1: Foul Ball, location: 2F 0-2: Ball 1-2: Ball 2-2: Strikes out swinging
|
Batting: RHB Art Cameron
|
0-0: Foul Ball, location: 2F 0-1: Swinging Strike 0-2: Strikes out swinging
|
Batting: LHB Jorge Olvera
|
0-0: Ball 1-0: Called Strike 1-1: Ball 2-1: Ball 3-1: Base on Balls
|
Pitching: RHP José Estrada
|
|
Batting: RHB Luis Ibarra
|
0-0: Called Strike 0-1: Foul Ball, location: 2F 0-2: Ball 1-2: Ball 2-2: Foul Ball, location: 2F 2-2: Ball 3-2: Base on Balls Jorge Olvera to second
|
Batting: LHB Fred Abrams
|
0-0: Ball 1-0: Called Strike 1-1: Called Strike 1-2: Foul Ball, location: 2F 1-2: Strikes out swinging
|
Top of the 8th over - 0 run(s), 0 hit(s), 0 error(s), 2 left on base; Red Deer 8 - Moose Jaw 3 |
BOTTOM OF THE 8TH |
Moose Jaw Ghostbusters batting - Pitching for Red Deer Wranglers : RHP Simón Amejorado
|
Batting: RHB John Major
|
0-0: Foul Ball, location: 2F 0-1: Ball 1-1: SINGLE (Groundball, 56D)
|
Batting: RHB Don Hooper
|
0-0: SINGLE (Line Drive, 9S) John Major to second
|
Batting: LHB Will Vale
|
0-0: Called Strike 0-1: Ball 1-1: Called Strike 1-2: Foul Ball, location: 2F 1-2: Ball 2-2: Ball 3-2: Fly out, F8 (Line Drive, 8RM)
|
Batting: RHB Juan Vázquez
|
0-0: Ball 1-0: Ball 2-0: SINGLE (Flyball, 8RS) John Major to third Don Hooper to second Runner from 3rd tries for Home, SAFE, throw made home Don Hooper to third Juan Vázquez to second
|
Pitching: RHP Daniel Casey
|
|
Batting: LHB Dave Stewart
|
0-0: Called Strike 0-1: Swinging Strike 0-2: Ball 1-2: Foul Ball, location: 2F 1-2: Foul Ball, location: 2F 1-2: Strikes out looking
|
Pitching: RHP Raúl Zumaya
|
|
Batting: SHB Martín Cruz
|
0-0: Ball 1-0: Ball 2-0: Foul Ball, location: 2F 2-1: Ball 3-1: Called Strike 3-2: Foul Ball, location: 2F 3-2: Base on Balls
|
Batting: RHB Andrew Weatherly
|
0-0: Foul Ball, location: 2F 0-1: Foul Ball, location: 2F 0-2: Fielders Choice at 2nd, 5-4 (Groundball, 56)
|
Bottom of the 8th over - 1 run(s), 3 hit(s), 0 error(s), 2 left on base; Red Deer 8 - Moose Jaw 4 |
TOP OF THE 9TH |
Red Deer Wranglers batting - Pitching for Moose Jaw Ghostbusters : RHP José Estrada
|
Batting: LHB Russell Peck
|
0-0: Ball 1-0: SINGLE (Groundball, 3D)
|
Batting: LHB Andrew Veeck
|
0-0: Ball 1-0: Ball 2-0: Fly out, F8 (Flyball, 8LM)
|
Batting: RHB Steve Burton
|
0-0: Called Strike 0-1: Ball 1-1: Ground out U3 (Groundball, 34S) Russell Peck to second
|
Pitching: RHP Bennett Greer
|
|
Batting: RHB Ricardo González
|
0-0: Called Strike 0-1: Ball 1-1: Ball 2-1: Foul Ball, location: 2F 2-2: Fly out, F7 (Flyball, 7S)
|
Top of the 9th over - 0 run(s), 1 hit(s), 0 error(s), 1 left on base; Red Deer 8 - Moose Jaw 4 |
BOTTOM OF THE 9TH |
Moose Jaw Ghostbusters batting - Pitching for Red Deer Wranglers : RHP Raúl Zumaya
|
Pitching: LHP Manuel Gil
|
|
Batting: RHB Manuel Pérez
|
0-0: Ball 1-0: Called Strike 1-1: SINGLE (Line Drive, 9LM)
|
Batting: RHB Billy Mullins
|
0-0: Ball 1-0: Ball 2-0: Foul Ball, location: 2F 2-1: Foul Ball, location: 2F 2-2: Grounds into double play, 5-4-3 (Groundball, 5)
|
Batting: RHB John Major
|
0-0: SINGLE (Groundball, 6MD)
|
Batting: RHB Don Hooper
|
0-0: Ball 1-0: Called Strike 1-1: Foul Ball, location: 2F 1-2: Ball 2-2: Foul Ball, location: 2F 2-2: Strikes out swinging
|
Bottom of the 9th over - 0 run(s), 2 hit(s), 0 error(s), 1 left on base; Red Deer 8 - Moose Jaw 4 |
|